 Dungeon Crawl Stone Soup version 0.32-a0-471-gb91d5d9 (webtiles) character file.

Game seed: 17154826797818713283

3511727 jagoly the Wild Armataur (level 27, 254/254 HPs)
             Began as an Armataur Berserker on Feb 24, 2024.
             Was a High Priest of Trog.
             Escaped with the Orb
             ... and 5 runes
             ... and 2 gems (1 intact) on Feb 25, 2024!
             The game lasted 05:03:44 (68264 turns).

jagoly the Wild Armataur (Armataur Berserker)      Turns: 68264, Time: 05:03:45

Health: 254/254    AC: 54    Str: 39      XL:     27
Magic:  35/35      EV:  8    Int:  7 (10) God:    Trog [*****.]
Gold:   8201       SH: 17    Dex: 16      Spells: 26/26 levels left

rFire   + + .        a - +9 broad axe (freeze)
rCold   + + .        u - +2 kite shield {AC+3}
rNeg    + + +        r - +12 gold dragon scales
rPois   +            j - +2 helmet {SInv}
rElec   +            B - scarf {rC+ rF+}
rCorr   +            T - +2 pair of gloves {Str+3}
SInv    +            k - +1 barding
Will    +++..        y - amulet "Zeetett" {Fly rN+++ Regen+ Int+2 Stlth-} Stlth
                     J - ring of willpower
HPRegen 1.42/turn    S - ring of Weluniy {rPois rCorr Dex+6}
MPRegen 0.24/turn

%: roll
@: flying, studying Staves
A: large, deformed body, tough skin 3, armoured tail, roll 2, stinger 1, talons
1, low MP 1, electricity resistance
0: Orb of Zot
}: 5/15 runes: decaying, slimy, silver, abyssal, gossamer
a: Renounce Religion, Berserk, Trog's Hand, Brothers in Arms


You escaped.
You worshipped Trog.
Trog was extremely pleased with you.
You visited 11 branches of the dungeon, and saw 55 of its levels.
You visited the Abyss 1 time.
You visited 1 ziggurat, and saw 8 of its levels.
You also visited: Trove, Gauntlet and Wizlab.

You collected 11070 gold pieces.
You spent 2869 gold pieces at shops.

Inventory:

Hand Weapons
 a - a +9 broad axe of freezing (weapon)
 b - a +9 antimagic broad axe
Missiles
 s - 41 boomerangs (quivered)
 D - 15 curare-tipped darts
 K - 5 darts of dispersal
 V - 22 javelins
 W - 2 silver javelins
 X - 3 throwing nets
Armour
 j - a +2 helmet of see invisible (worn)
 k - a +1 barding (worn)
 r - +12 gold dragon scales (worn)
 u - a +2 kite shield of protection (worn)
 B - a scarf of resistance (worn)
 T - a +2 pair of gloves of strength (worn)
Jewellery
 y - the amulet "Zeetett" (around neck) {Fly rN+++ Regen+ Int+2 Stlth-}
   (You found it in a Gauntlet)

   [amulet of regeneration]

   Int+2:     It affects your intelligence (+2).
   rN+++:     It renders you almost immune to negative energy.
   Fly:       It grants you flight.
   Regen+:    It increases your rate of health regeneration.
   Stlth-:    It makes you less stealthy.
 G - the ring "Emiggeo" {rF+ AC+4 Str+3 Stlth+}
   (You found it on level 4 of the Realm of Zot)

   [ring of protection]

   AC+4:      It affects your AC (+4).
   Str+3:     It affects your strength (+3).
   rF+:       It protects you from fire.
   Stlth+:    It makes you more stealthy.
 I - the ring "Qapp" {rElec AC+4 Str+3}
   (You acquired it in a wizard's laboratory)

   [ring of protection]

   AC+4:      It affects your AC (+4).
   Str+3:     It affects your strength (+3).
   rElec:     It insulates you from electricity.
 J - a ring of willpower (left hand)
 Q - a ring of the Octopus King {rF+ HP+2 AC+2 EV+2 SH+2}
   (You found it in a wizard's laboratory)

   [ring of protection from fire]

   AC+2:      It affects your AC (+2).
   EV+2:      It affects your evasion (+2).
   rF+:       It protects you from fire.
   HP+2:      It affects your health (+2).
   SH+2:      It affects your SH (+2).
 S - the ring of Weluniy (right hand) {rPois rCorr Dex+6}
   (You took it off a deep elf death mage on level 3 of the Elven Halls)

   [ring of dexterity]

   Dex+6:     It affects your dexterity (+6).
   rPois:     It protects you from poison rCorr: It protects you from acid and
   corrosion.
Wands
 c - a wand of digging (31)
 p - a wand of quicksilver (53)
 F - a wand of iceblast (78)
 H - a wand of paralysis (83)
Scrolls
 d - 11 scrolls of fear
 l - 3 scrolls of silence
 q - 12 scrolls of poison
 t - 9 scrolls of fog
 v - 3 scrolls of immolation
 x - 8 scrolls of enchant weapon
 z - 2 scrolls of summoning
 C - 8 scrolls of teleportation
 E - 4 scrolls of blinking
 L - 7 scrolls of revelation
 P - 11 scrolls of vulnerability
Potions
 e - 4 potions of haste
 g - 9 potions of attraction
 h - 3 potions of magic
 i - 9 potions of heal wounds
 m - 22 potions of curing
 n - 7 potions of cancellation
 o - 9 potions of invisibility
 w - 4 potions of might
 M - 12 potions of mutation
 N - 3 potions of resistance
 R - 8 potions of enlightenment
 Y - 7 potions of ambrosia
Miscellaneous
 f - a phial of floods
 A - a tin of tremorstones (2/2)
 O - a phantom mirror
 U - a box of beasts


   Skills:
 + Level 22.2 Fighting
 - Level 18.0 Axes
 - Level 18.0 Throwing
 - Level 24.0 Armour
 - Level 10.0 Dodging
 - Level 18.0 Shields
 - Level 24.1 Invocations
 - Level 12.0 Evocations


You had 26 spell levels left.
You didn't know any spells.
Your spell library was empty.

Dungeon Overview and Level Annotations

Branches:
Dungeon (15/15)            Temple (0/1) D:5            Lair (5/5) D:10
  Swamp (4/4) Lair:2       Spider (4/4) Lair:2        Slime (5/5) Lair:5
    Orc (2/2) D:11            Elf (3/3) Orc:2        Vaults (5/5) D:13
  Crypt (3/3) Vaults:3       Tomb (0/3) Crypt:3      Depths (4/4) D:15
    Zot (5/5) Depths:4     WizLab (visited)         Gauntlet (visited)

Altars:
Ashenzari
Cheibriados
Dithmenos
Fedhas
Hepliaklqana
Kikubaaqudgha
Makhleb
Nemelex Xobeh
Qazlal
Ru
Sif Muna
Trog
Uskayaw
Vehumet
Wu Jian
Xom
Zin
The Shining One
Beogh
Jiyva
Lugonu

Shops:
D:5 *   D:12 (   D:14 *   Orc:2 =:(?   Elf:2 ![**=   Vaults:1 (   Depths:4 ([[

Portals:
Hell: Depths:1 Depths:2 Depths:3 Depths:4
Abyss: Orc:2 Depths:1 Depths:3 Depths:4
Pandemonium: Depths:1 Depths:2

Annotations:
Elf:2 3 runed translucent doors
Vaults:4 2 transporters, Caqes's ghost, veteran CoBe


Innate Abilities, Weirdness & Mutations

Armour fits poorly on your strangely shaped body.
You have extremely tough skin. (AC +3)
You have a long armoured tail.
You regenerate magic and health when rolling toward enemies. (Rampage Regen)
Your tail ends in a venomous barb.
You have sharp toenails.
Your magical capacity is low. (-10% MP)
You are resistant to electric shocks. (rElec)


Message History

An Orb Guardian comes into view.
You closely miss the Orb Guardian.
The Orb Guardian is almost dead.
You block the Orb Guardian's attack.
The Orb Guardian disappears!
The Orb Guardian hits you but does no damage.
You cut the Orb Guardian into ribbons!!!
You freeze the Orb Guardian.
You kill the Orb Guardian!
Trog accepts your kill.
No target in view!
No target in view!
No target in view!
You start resting.
An Orb Guardian is nearby!
You roll towards the Orb Guardian!
You roll towards the Orb Guardian!
You block the Orb Guardian's attack.
You barely miss the Orb Guardian. You tail-slap the Orb Guardian.
The Orb Guardian is poisoned.
The Orb Guardian is lightly wounded.
You block the Orb Guardian's attack.
You slash the Orb Guardian! You freeze the Orb Guardian.
The Orb Guardian is lightly wounded.
The Orb Guardian hits you!!
You hit the Orb Guardian. You freeze the Orb Guardian.
Your tail-slap misses the Orb Guardian.
The Orb Guardian is moderately wounded.
The Orb Guardian hits you but does no damage.
You closely miss the Orb Guardian.
The Orb Guardian is moderately wounded.
The Orb Guardian closely misses you.
You cut the Orb Guardian into ribbons!!!
You freeze the Orb Guardian!!
Your tail-slap misses the Orb Guardian.
The Orb Guardian is almost dead.
You block the Orb Guardian's attack.
You slash the Orb Guardian! You freeze the Orb Guardian.
The Orb Guardian is almost dead.
The Orb Guardian hits you but does no damage.
You slice the Orb Guardian!! You freeze the Orb Guardian.
You kill the Orb Guardian!
Trog accepts your kill.
No target in view!
No target in view!
An electric golem comes into view.
The electric golem fails to trigger a net trap.
You roll towards the electric golem!
You see here the Orb of Zot.
You slice the electric golem!! You freeze the electric golem!
You tail-slap the electric golem!
The electric golem is moderately damaged.
The electric golem hits you but does no damage. x2
You block the electric golem's attack.
The electric golem hits you but does no damage.
You slice the electric golem!! You freeze the electric golem.
Your tail-slap misses the electric golem.
The electric golem is heavily damaged.
You block the electric golem's attack. The electric golem barely misses you.
The electric golem hits you but does no damage. x2
You closely miss the electric golem.
The electric golem is heavily damaged.
The electric golem blinks!
The electric golem disappears!
No target in view!
You start waiting.
You see here the Orb of Zot.
Okay, then.
Okay, then.
You feel yourself speed up.
Okay, then.
As you read the scroll of teleportation, it crumbles to dust.
You feel strangely unstable.
You feel the Orb delaying your translocation!
You pick up the Orb of Zot!
The Orb lets out an ear-shattering shriek!
The lords of Pandemonium are not amused.
Beware!
Now all you have to do is get back out of the dungeon!
You enter a permanent teleport trap!
Your surroundings suddenly seem different.
As you read the scroll of teleportation, it crumbles to dust.
You feel strangely stable.
There is a stone staircase leading up here.
You fly upwards.
There is a stone staircase leading down here.
What level of the Dungeon? (default 15, ? - help)
There is an open door here.
Your extra speed is starting to run out.
There is an open door here.
Things that are here:
a +0 glaive; a +0 flail; a red draconian skeleton You feel yourself slow down.
You see here a +0 dire flail of draining.
An Orb Guardian comes into view.
You slash the Orb Guardian! You freeze the Orb Guardian.
Your tail-slap misses the Orb Guardian.
The Orb Guardian is lightly wounded.
You block the Orb Guardian's attack.
You carve the Orb Guardian like a ham!!!
You freeze the Orb Guardian!
The Orb Guardian is severely wounded.
You block the Orb Guardian's attack.
You slice the Orb Guardian!! You freeze the Orb Guardian.
You tail-slap the Orb Guardian, but do no damage.
The Orb Guardian is almost dead.
The Orb Guardian hits you but does no damage.
You hit the Orb Guardian but do no damage.
The Orb Guardian is almost dead.
You block the Orb Guardian's attack.
You cut the Orb Guardian into ribbons!!!
You freeze the Orb Guardian.
You kill the Orb Guardian!
Trog accepts your kill.
No target in view!
What level of the Dungeon? (default 1, ? - help)
A large abomination comes into view.
An Executioner comes into view.
The Executioner gestures.
The Executioner seems to speed up.
You block the large abomination's attack.
You hit the large abomination but do no damage.
You slash the Executioner! You freeze the Executioner.
The Executioner is moderately wounded.
You slash the large abomination! You freeze the large abomination.
The Executioner closely misses you.
The Executioner hits you but does no damage.
You block the Executioner's attack.
A large abomination comes into view.
The Executioner hits you but does no damage.
You block the Executioner's attack. x2
The large abomination hits you but does no damage.
You barely miss the Executioner.
The Executioner is moderately wounded.
You hit the large abomination. You freeze the large abomination.
You block the Executioner's attack. The Executioner completely misses you.
The Executioner hits you but does no damage.
You block the Executioner's attack.
The Executioner hits you but does no damage.
You block the Executioner's attack.
The large abomination barely misses you.
You open the large abomination like a pillowcase!!!
You freeze the large abomination!
You destroy the large abomination!
Trog accepts your kill.
You hit the Executioner. You freeze the Executioner.
The Executioner hits you but does no damage.
You block the Executioner's attack.
The Executioner hits you but does no damage. x4
You feel your intelligence returning.
You slice the Executioner!!
The Executioner is heavily wounded.
The Executioner barely misses you. You block the Executioner's attack.
The Executioner hits you but does no damage. x2
You block the Executioner's attack. x2
A large abomination comes into view.
You slice the Executioner!! You freeze the Executioner.
You kill the Executioner!
Trog accepts your kill.
You slice the large abomination!! You freeze the large abomination!
The large abomination is almost destroyed.
The large abomination hits you but does no damage.
You slash the large abomination! You freeze the large abomination.
You destroy the large abomination!
Trog accepts your kill.
The large abomination hits you but does no damage.
You hit the large abomination but do no damage.
You tail-slap the large abomination!
The large abomination is moderately damaged.
The large abomination barely misses you.
You barely miss the large abomination.
You tail-slap the large abomination, but do no damage.
The large abomination is moderately damaged.
The large abomination hits you but does no damage.
You slice the large abomination!! You freeze the large abomination!
You destroy the large abomination!
Trog accepts your kill.
Your Fighting skill increases to level 22!
No target in view!
No target in view!
What level of the Dungeon? (default 1, ? - help)
A hellion comes into view.
The hellion gestures at you.
The sphere of damnation explodes!
The damnation engulfs you!! The hellion gestures at you.
The sphere of damnation explodes!
The damnation engulfs you!!
You slash the hellion! You freeze the hellion. You tail-slap the hellion!!
The hellion is almost dead.
The hellion gestures at you.
The sphere of damnation explodes!
The damnation engulfs you!!
The damnation engulfs the hellion.
The hellion completely resists.
You chop the hellion into pieces!!! You freeze the hellion.
You kill the hellion!
Trog accepts your kill.
No target in view!
No target in view!
What level of the Dungeon? (default 1, ? - help)
There is a stone staircase leading up here.
You fly upwards.
There is a stone staircase leading down here.
There is a stone staircase leading up here.
You fly upwards.
There is a stone staircase leading down here.
HP restored.
There is a stone staircase leading up here.
You fly upwards.
HP restored.
There is a stone staircase leading down here.
A reaper comes into view.
It is wielding a +0 scythe of protection.
You roll towards the reaper!
You block the reaper's attack.
You cut the reaper into ribbons!!! You freeze the reaper.
You tail-slap the reaper!
The reaper is severely wounded.
You hit the reaper but do no damage.
The reaper is severely wounded.
The reaper hits you with a +0 scythe of protection!
The reaper drags you backwards!
You hit the reaper but do no damage.
You tail-slap the reaper, but do no damage.
The reaper is severely wounded.
You block the reaper's attack.
You slash the reaper! You freeze the reaper. You tail-slap the reaper.
The reaper is poisoned.
The reaper is almost dead.
You slice the reaper!!
You kill the reaper!
Trog accepts your kill.
No target in view!
No target in view!
What level of the Dungeon? (default 1, ? - help)
You see here a +0 scythe of protection.
There is a gate leading back out of this place here.
You fly up through the gate.
Welcome back to the Depths!
There is a gate to the Realm of Zot here.
Items here: ) [ ÷÷.
There is an open door, spattered with blood here.
There is an open door, spattered with blood here.
Things that are here:
5 large rocks; a stone giant skeleton
Things that are here:
a +0 short sword; a green draconian skeleton You see here a +0 flail.
Things that are here:
a +0 dire flail; a +0 dire flail; an ettin skeleton A hellion comes into view.
There is an open gate here.
You throw a boomerang. The boomerang hits the hellion!!
The hellion is heavily wounded.
The hellion gestures at you.
The sphere of damnation explodes!
The damnation engulfs you!
You throw a boomerang. The boomerang hits the hellion!!!
You kill the hellion!
Trog accepts your kill.
What level of the Dungeon? (default 1, ? - help)
There is an open door here.
HP restored.
A Tzitzimitl comes into view.
You hit the Tzitzimitl but do no damage.
You slice the Tzitzimitl!! You freeze the Tzitzimitl.
The Tzitzimitl is moderately wounded.
You slice the Tzitzimitl!!
You tail-slap the Tzitzimitl, but do no damage.
The Tzitzimitl is heavily wounded.
The Tzitzimitl barely misses you.
The Tzitzimitl bites you but does no damage.
You barely miss the Tzitzimitl.
The Tzitzimitl is heavily wounded.
The Tzitzimitl engulfs you but does no damage.
The Tzitzimitl closely misses you.
You hit the Tzitzimitl.
You tail-slap the Tzitzimitl, but do no damage.
The Tzitzimitl is heavily wounded.
The Tzitzimitl completely misses you. You block the Tzitzimitl's attack.
You slice the Tzitzimitl!! You freeze the Tzitzimitl.
Your tail-slap misses the Tzitzimitl.
The Tzitzimitl is almost dead.
You slice the Tzitzimitl!! You freeze the Tzitzimitl.
You kill the Tzitzimitl!
Trog accepts your kill.
No target in view!
What level of the Dungeon? (default 1, ? - help)
You see here a +5 heavy broad axe.
You see here a very ugly thing skeleton.
You see here a Trismegistus Codex.
A toenail golem comes into view.
There is a stone staircase leading up here.
You fly upwards.
There is a stone staircase leading down here.
What level of the Dungeon? (default 1, ? - help)
There is a stone staircase leading up here.
You fly upwards.
There is a stone staircase leading down here.
There is a large open door here.
There is a stone staircase leading up here.
You fly upwards.
There is a stone staircase leading down here.
A smoke demon comes into view.
The smoke demon gestures at you. Something smites you!
The smoke demon gestures at you. The pyre arrow hits you.
You are covered in intense liquid fire!
You shake off some of the fire as you move.
The liquid fire burns you!
You shake off some of the fire as you move.
The liquid fire burns you!
You shake off the liquid fire.
The smoke demon gestures at you. The ball of steam hits you. You resist.
There is a staircase back to the Dungeon here.
You fly upwards.
Welcome back to the Dungeon!
There is a staircase to the Depths here.
What level of the Dungeon? (default 1, ? - help) HP restored.
There is an open door here.
There is an open door here.
There is a stone staircase leading up here.
You fly upwards.
There is a stone staircase leading down here.
There is a stone staircase leading up, spattered with blood here.
You fly upwards.
There is a stone staircase leading down here.
There is a stone staircase leading up here.
You fly upwards.
There is a stone staircase leading down here.
An Ice Fiend comes into view.
There is a stone staircase leading up here.
You fly upwards.
A glowing orange brain comes into view.
There is a stone staircase leading down here.
Okay, then.
You roll towards the glowing orange brain!
You slice the glowing orange brain!! You freeze the glowing orange brain!
The glowing orange brain is almost dead.
You slice the glowing orange brain!! You freeze the glowing orange brain.
You kill the glowing orange brain!
Trog accepts your kill.
No target in view!
No target in view!
What level of the Dungeon? (default 1, ? - help)
There is a stone staircase leading up here.
You fly upwards.
There is a stone staircase leading down here.
There is an open door here.
Items here: ÷÷÷÷.
You see here a rime drake skeleton.
Things that are here:
a +0 short sword; a kobold skeleton
Things that are here:
a +0 dagger of venom; a kobold skeleton
There is a stone staircase leading up here.
You fly upwards.
There is a stone staircase leading down here.
There is a stone staircase leading up here.
You fly upwards.
There is a stone staircase leading down here.
There is an open door here.
There is a stone staircase leading up here.
You fly upwards.
There is a stone staircase leading down here.
A profane servitor comes into view. It is wielding a +1 demon whip.
There is a stone staircase leading up here.
You fly upwards.
There is a stone staircase leading down here.
You see here 2 potions of degeneration.
What level of the Dungeon? (default 1, ? - help)
Things that are here:
a +0 club; a kobold skeleton
Things that are here:
a +0 short sword; a +0 short sword; a kobold skeleton
There is a stone staircase leading up here.
You fly upwards.
There is a stone staircase leading down here.
A soul eater comes into view.
You see here a +0 robe.
You block the soul eater's attack.
You slice the soul eater!! You freeze the soul eater.
Your tail-slap misses the soul eater.
The soul eater is moderately wounded.
You slice the soul eater!! You freeze the soul eater!
You tail-slap the soul eater, but do no damage.
The soul eater is almost dead.
You block the soul eater's attack.
You slash the soul eater! You freeze the soul eater.
You kill the soul eater!
Trog accepts your kill.
No target in view!
There is a stone staircase leading up here.
You fly upwards.
There is a stone staircase leading down here.
What level of the Dungeon? (default 5, ? - help)
A daeva comes into view.
It is wielding a +2 scimitar of holy wrath.
The daeva calls down the wrath of the Shining One upon you.
The Shining One smites you!
The daeva calls down the wrath of the Shining One upon you.
The Shining One smites you!
You roll towards the daeva!
The daeva blocks your attack.
You tail-slap the daeva.
The daeva is lightly wounded.
A seraph, an angel, a daeva and a cherub come into view.
The seraph is wielding a +7 great sword of flaming.
The angel is wielding a +3 sacred scourge of holy wrath.
The daeva is wielding a +5 scimitar of holy wrath.
The cherub is wielding a +1 scimitar of flaming.
You slice the daeva!! You freeze the daeva.
The daeva is moderately wounded.
The daeva closely misses you. The daeva hits you but does no damage.
You slash the daeva! You freeze the daeva. The daeva blocks your attack.
The daeva is moderately wounded.
The daeva calls down the wrath of the Shining One upon you.
The Shining One smites you!
The seraph shouts a warning to its allies!
You slash the daeva! You freeze the daeva.
The daeva is heavily wounded.
The cherub sings a powerful hymn!
The angels go into a battle-frenzy!
The daeva blocks your attack.
You tail-slap the daeva, but do no damage.
The daeva is heavily wounded.
The daeva calls down the wrath of the Shining One upon you.
The Shining One smites you!
Blink to where?
Press: ? - help, Dir - move target
As you read the scroll of blinking, it crumbles to dust.
The daeva calls down the wrath of the Shining One upon you.
The Shining One smites you!
There is a stone staircase leading up here.
You fly upwards.
There is a stone staircase leading down here.
What level of the Dungeon? (default 1, ? - help) HP restored.
There is a stone staircase leading up here.
You fly upwards.
There is a stone staircase leading down here.
HP restored.
A balrug and 3 sun demons come into view.
The balrug is wielding a +2 demon whip of electrocution.
The sun demon shouts! x2
You slash the sun demon! You freeze the sun demon!
You tail-slap the sun demon, but do no damage.
The sun demon is heavily wounded.
You block the sun demon's attack. The balrug gestures at you.
The bolt of fire hits the sun demon.
The sun demon completely resists.
The bolt of fire hits the sun demon.
The sun demon completely resists.
The bolt of fire hits you. You resist.
You hit the sun demon. You freeze the sun demon.
The sun demon is severely wounded.
You block the sun demon's attack.
You slash the sun demon! You freeze the sun demon!
You kill the sun demon!
Trog accepts your kill.
You hit the sun demon. You freeze the sun demon. You slice the sun demon!!
You freeze the sun demon!
The sun demon is almost dead.
You block the sun demon's attack.
You slice the sun demon!! You freeze the sun demon.
You kill the sun demon!
Trog accepts your kill.
You slash the sun demon! You freeze the sun demon.
The sun demon barely misses you.
You slice the sun demon!! You freeze the sun demon!
You kill the sun demon!
Trog accepts your kill.
You barely miss the balrug. You block the balrug's attack.
You feel your strength returning.
You slice the balrug!! You freeze the balrug!! You tail-slap the balrug!
The balrug is severely wounded.
The balrug gestures at you.
The fireball explodes!
The fireball engulfs you but does no damage.
The fireball engulfs the balrug.
The balrug completely resists.
You hit the balrug. You freeze the balrug.
The balrug is almost dead.
The balrug gestures at you. The bolt of fire hits you. You resist.
You slice the balrug!! You freeze the balrug.
You kill the balrug!
Trog accepts your kill.
No target in view!
No target in view!
What level of the Dungeon? (default 1, ? - help)
There is a stone staircase leading up here.
You fly upwards.
There is a stone staircase leading down here.
A blizzard demon comes into view.
There is a shaft here.
You roll towards the blizzard demon!
You closely miss the blizzard demon. You tail-slap the blizzard demon.
The blizzard demon is lightly wounded.
You open the blizzard demon like a pillowcase!!!
You tail-slap the blizzard demon, but do no damage.
The blizzard demon is severely wounded.
You slash the blizzard demon!
Your tail-slap misses the blizzard demon.
The blizzard demon is almost dead.
The blizzard demon hits you but does no damage. x2
You hit the blizzard demon.
You kill the blizzard demon!
Trog accepts your kill.
No target in view!
There is a shaft here.
Your stone giant goes berserk!
Your stone giant goes berserk!
Your deep troll goes berserk!
Okay, then.
You swap places.
There is a staircase leading out of the dungeon here.
You have escaped!

##.......#.# ###.###
##.#.......#######.##############
##.#.####.......................#
##.#.##..)................##.##..
##.#..##............)....##..####
##.#...##..ß..##'##..ß..##...#
##.#....##...##...##...##....#
.#.#.....#####.TC..#####.....#
...#......^....C@............#
#..##.......................##
##..############'############
##.....### ####.#
#####...###....# ###.##..####
######### #.#..## #...#.#.#
#.#.## #.#.#.#.# #...#
#######.#...#.###


You could see 2 friendly stone giants and a friendly deep troll (summoned,
berserk).

Vanquished Creatures
  the Royal Jelly (Slime:5)
  9 dread liches
  5 orbs of fire
  3 ancient liches (Zot:5)
  3 juggernauts
  Josephina (Depths:2)
  Boris (Vaults:4)
  9 Killer Klowns
  Saint Roka (Orc:2)
  Margery (Depths:1)
  4 caustic shrikes
  2 curse toes
  The ghost of Caqes the Executioner, a veteran CoBe of Trog (Vaults:3)
  9 golden dragons
  Norris (Depths:1)
  Nikola (Swamp:3)
  9 bone dragons
  Jory (Crypt:3)
  3 electric golems
  2 hellephants
  A Tzitzimitl (Depths:4)
  Rupert (D:14)
  A Cloud Mage (WizLab)
  A pandemonium lord (Zig:7)
  18 tentacled monstrosities
  10 liches
  A shard shrike skeleton (Crypt:1)
  Zenata (Vaults:3)
  9 quicksilver dragons
  2 deep elf blademasters (Elf:3)
  26 Orb Guardians
  5 titans
  A walking frostbound tome (Depths:3)
  5 sphinxes
  3 deep elf master archers (Elf:3)
  Mlioglotl (Swamp:3)
  11 acid blobs
  An Executioner (Zot:4)
  14 tentacled starspawn
  7 ancient champions
  11 death cobs
  8 shadow dragons
  5 tengu reavers
  8 azure jellies
  4 revenants
  A thorn hunter (Swamp:4)
  Aizul (Spider:3)
  9 protean progenitors
  23 storm dragons
  2 daevas (Depths:3)
  11 rockslimes
  3 draconian knights
  10 fire giants
  2 draconian scorchers
  An iron dragon (Vaults:5)
  3 draconian shifters
  10 frost giants
  5 ghost moths
  3 emperor scorpions
  The ghost of BeoghMyLove the Severer, a journeyman CoBe of Trog (Orc:2)
  2 balrugs
  13 vault wardens
  5 deep elf elementalists (Elf:3)
  4 draconian monks
  3 deep elf sorcerers
  Louise (Swamp:3)
  An angel (Abyss:1)
  2 reapers
  3 orc warlords
  A curse skull (Crypt:3)
  A caustic shrike skeleton (Depths:3)
  5 quicksilver oozes
  7 draconian annihilators
  3 draconian stormcallers
  4 ghouls
  4 broodmothers
  2 spriggan defenders (Depths:3)
  34 very ugly things
  20 ironbound preservers
  18 stone giants
  7 green draconians
  2 eleionomae
  7 ironbound thunderhulks
  Nessos (D:13)
  2 deep elf demonologists (Elf:3)
  7 vampire knights
  4 black draconians
  7 deep elf annihilators
  3 bunyips
  9 white draconians
  A lorocyproca (Abyss:1)
  8 deep elf death magi
  10 yellow draconians
  4 dire elephants (Vaults:4)
  3 war gargoyles
  19 spark wasps
  3 red draconians
  A minotaur (Gauntlet)
  6 blizzard demons
  6 purple draconians
  Snorg (D:14)
  4 eidola
  3 crystal guardians
  A merfolk impaler (Abyss:3)
  2 shambling mangroves (Swamp:3)
  11 ettins
  11 fire dragons
  10 jiangshi
  4 entropy weavers
  9 deep elf high priests
  6 great orbs of eyes
  7 ice dragons
  A spectral spriggan (Crypt:3)
  14 yaktaur captains
  18 hydras
  4 spriggan air magi
  Erolcha (D:11)
  7 ogre magi
  A peacekeeper (Vaults:3)
  A spectral fenstrider witch (Crypt:3)
  5 rakshasas
  28 vault guards
  4 radroaches
  6 ghost crabs
  9 alligators
  17 two-headed ogres
  6 catoblepae
  A jorogumo (Spider:4)
  16 dancing weapons
  12 death yaks (Lair:5)
  2 two-headed ogres (shapeshifter) (Vaults:5)
  9 ironbound frosthearts
  7 boulder beetles
  4 death knights
  10 deep troll shamans
  A naga warrior (Abyss:3)
  5 centaur warriors
  6 tengu warriors
  16 demonic crawlers
  5 death scarabs (Spider:4)
  14 deep troll earth magi
  8 vampire magi
  3 shock serpents (WizLab)
  2 occultists
  An orc high priest (Orc:2)
  A spectral dire elephant (Crypt:3)
  7 thrashing horrors
  4 soul eaters
  21 hell knights
  A shock serpent (shapeshifter) (Vaults:5)
  A spectral storm dragon (Crypt:3)
  9 spriggan berserkers
  3 sun demons (D:2)
  3 fire crabs (Zig:5)
  9 deep elf knights
  15 shadow wraiths (Crypt:3)
  4 skysharks
  3 wretched stars
  2 sixfirhies (Abyss:1)
  A spark wasp zombie (Crypt:3)
  A death drake (shapeshifter) (Elf:1)
  11 iron trolls
  5 goliath frogs
  9 pharaoh ants
  A sea snake (shapeshifter) (Depths:4)
  2 spriggan riders (Depths:2)
  4 death drakes (WizLab)
  21 skeletal warriors
  7 orb spiders
  5 spriggan druids
  A storm dragon skeleton (Crypt:1)
  73 deep trolls
  2 sun moths
  10 swamp dragons (Swamp:4)
  13 glowing orange brains
  A spectral iron dragon (Crypt:3)
  2 spatial maelstroms
  3 mana vipers (shapeshifter)
  10 arcanists
  12 bog bodies
  12 flayed ghosts
  10 ironbound convokers
  2 glowing orange brains (shapeshifter)
  3 lindwurms (Vaults:1)
  A spectral wolf spider (Spider:4)
  33 starcursed masses
  11 deep elf archers
  28 phantasmal warriors
  15 orc knights
  8 steelbarb worms
  2 orc sorcerers
  32 large abominations
  25 deep elf pyromancers
  A fire giant zombie (Crypt:2)
  9 lightning spires
  A wolf spider zombie (Spider:4)
  20 deep elf zephyrmancers
  A sphinx simulacrum (Vaults:3)
  10 necromancers
  21 wolf spiders
  A glowing shapeshifter (Vaults:5)
  4 shining eyes
  4 will-o-the-wisps
  45 ugly things
  A shadow dragon skeleton (Crypt:1)
  2 draconian zombies
  2 worldbinders
  A cyclops (D:11)
  7 manticores
  An alligator skeleton (Abyss:1)
  30 moths of wrath
  A salamander (Elf:2)
  A spectral ettin (Crypt:3)
  3 meliai (Spider:4)
  6 elephants
  A guardian serpent (Abyss:3)
  A stone giant skeleton (Crypt:1)
  4 apocalypse crabs
  A centaur zombie (Crypt:2)
  3 kobold blastminers
  11 smoke demons
  4 eyes of devastation
  A formless jellyfish zombie (Crypt:2)
  9 vault sentinels
  12 cane toads
  A titan simulacrum (Depths:2)
  3 centaur skeletons (D:13)
  3 black mambas
  An eye of devastation (shapeshifter) (Orc:2)
  5 gargoyles
  A cane toad (shapeshifter) (D:15)
  2 storm dragon simulacra
  A white draconian zombie (Crypt:3)
  A torpor snail (Spider:1)
  3 orange demons
  An unseen horror (shapeshifter) (Elf:1)
  3 unseen horrors
  7 freezing wraiths
  28 yaktaurs
  An efreet (Abyss:1)
  A redback zombie (Spider:4)
  2 spectral redbacks (Spider:4)
  2 iron troll zombies
  2 dire elephant skeletons
  A kobold demonologist (D:12)
  4 rime drakes
  A tormentor (Abyss:1)
  An ice devil (Abyss:1)
  2 hellions
  14 komodo dragons
  3 tengu conjurers
  A sea snake zombie (Crypt:1)
  A death drake zombie (Crypt:2)
  Psyche (D:8)
  A black draconian skeleton (Crypt:3)
  A queen bee (D:11)
  A polar bear (shapeshifter) (D:15)
  11 ancient zymes
  A queen bee (shapeshifter) (D:9)
  2 wind drakes (WizLab)
  2 bloated husks
  2 hellwings (Abyss:1)
  2 spectral tarantellas (Spider:4)
  10 trolls
  A merfolk (shapeshifter) (Elf:1)
  A sea snake skeleton (Crypt:2)
  2 polar bears
  3 spectral jumping spiders (Spider:4)
  A harpy zombie (Abyss:3)
  9 hornets
  22 tarantellas
  8 tyrant leeches
  A shadow dragon simulacrum (Depths:2)
  A spectral culicivora (Spider:4)
  9 dream sheep (Lair:5)
  17 blink frogs
  4 harpy skeletons
  A stone giant simulacrum (Abyss:3)
  A glass eye (Depths:1)
  15 raiju
  A culicivora zombie (Spider:4)
  4 tarantella zombies
  2 ettin zombies
  A snapping turtle (shapeshifter) (Zig:7)
  22 jumping spiders
  83 slime creatures
  5 spriggans
  3 spriggans (shapeshifter)
  A jumping spider (shapeshifter) (D:15)
  64 yaks
  A yak (shapeshifter) (D:13)
  9 shadows (Crypt:3)
  27 culicivoras
  5 wyverns
  5 ynoxinuls
  17 air elementals
  2 water elementals
  13 wraiths
  The ghost of Radamante the Trooper, an amateur MiFi (D:4)
  2 naga simulacra
  Grum (D:9)
  57 redbacks
  11 golden eyes
  A steam dragon (shapeshifter) (D:12)
  3 basilisks
  3 fire elementals
  A human (D:10)
  2 hogs (D:10)
  2 steam dragons
  5 neqoxecs
  6 wargs
  11 vampire mosquitoes
  A fire bat zombie (Crypt:3)
  13 chaos spawn
  A swamp worm (shapeshifter) (Depths:3)
  13 swamp worms
  24 small abominations
  2 spatial vortices (Abyss:3)
  A glowing shapeshifter zombie (Depths:3)
  A naga zombie (Abyss:1)
  2 nagas (Abyss:3)
  A glowing shapeshifter skeleton (Crypt:3)
  13 water moccasins
  A cane toad zombie (Crypt:2)
  2 acid dragons
  6 hell hounds (Abyss:1)
  2 naga skeletons (Crypt:2)
  10 swamp drakes
  31 orc warriors
  3 sky beasts
  3 black bears
  10 ice beasts
  16 laughing skulls
  28 ogres
  19 wolves
  A swamp dragon skeleton (Abyss:1)
  9 centaurs
  A snapping turtle skeleton (Crypt:3)
  4 kobold brigands
  13 weeping skulls
  A brain worm (Abyss:1)
  6 earth elementals
  12 bullfrogs
  A gnoll sergeant (D:7)
  3 scorpions
  5 wights (D:10)
  A troll zombie (Crypt:2)
  15 killer bees
  A spriggan zombie (Crypt:1)
  8 electric eels
  4 howler monkeys
  2 spriggan skeletons
  A wolf zombie (Crypt:2)
  A lava snake (Elf:2)
  4 quasits
  2 human simulacra (Vaults:3)
  2 hounds
  2 jellies
  20 orc priests
  2 bombardier beetles
  4 iguanas
  3 iron imps
  22 orc wizards
  2 hell rats (Lair:3)
  A crocodile zombie (Crypt:3)
  4 gnolls (D:7)
  6 adders
  9 river rats (Lair:3)
  5 shadow imps
  3 white imps
  7 ufetubi
  A dart slug (D:4)
  2 ribbon worms
  64 orcs
  5 ball pythons
  7 endoplasms
  3 giant cockroaches
  5 goblins (D:1)
  3 hobgoblins
  10 jackals
  18 kobolds
  A quokka (D:3)
  3 bats
  2 frilled lizards
  4 rats
  2 aspiring fleshes
  A spectral weapon (Swamp:1)
  22 starspawn tentacles
2681 creatures vanquished.

Vanquished Creatures (collateral kills)
  A spectral elf (Vaults:3)
  A ghost crab (WizLab)
  2 two-headed ogres (Orc:2)
  2 dancing weapons (Elf:2)
  3 death scarabs (Spider:4)
  A spectral frost giant (Vaults:3)
  A thrashing horror (Zig:8)
  A spatial maelstrom (Zig:8)
  2 death drakes (WizLab)
  A deep elf zephyrmancer (Elf:2)
  A spectral wolf spider (Spider:4)
  A deep elf pyromancer (Elf:2)
  An ugly thing (Zig:7)
  A smoke demon (Zig:8)
  3 spectral redbacks (Spider:4)
  A spectral ogre (Vaults:3)
  An elf simulacrum (Vaults:3)
  A spectral jumping spider (Spider:4)
  A jumping spider zombie (Spider:4)
  A slime creature (shapeshifter) (Zig:7)
  2 human simulacra (Vaults:3)
  A yaktaur simulacrum (Vaults:3)
  An orc warrior (Elf:2)
  An ogre (Orc:2)
32 creatures vanquished.

Vanquished Creatures (others)
  A fire giant (Depths:2)
  A spark wasp (WizLab)
  A blizzard demon (WizLab)
  An entropy weaver (Spider:2)
  A vault guard (Vaults:4)
  2 spriggan air magi (WizLab)
  A vampire mage (Crypt:1)
  A deep elf knight (Elf:3)
  A death drake (WizLab)
  A deep troll (Vaults:4)
  A shadow wraith (Abyss:3)
  A spriggan simulacrum (Depths:2)
  A titan simulacrum (Depths:2)
  2 bloated husks
  An orc warrior (D:10)
  An orc wizard (D:11)
  2 ufetubi (Abyss:3)
  10 foxfires
  20 starspawn tentacles
50 creatures vanquished.

Grand Total: 2763 creatures vanquished

Notes
Turn   | Place    | Note
-------+----------+-------------------------------------------
     0 | D:1      | jagoly the Armataur Berserker began the quest for the Orb.
     0 | D:1      | Reached XP level 1. HP: 18/18 MP: 1/1
   400 | D:1      | Reached XP level 2. HP: 21/25 MP: 2/2
   695 | D:1      | Found a faded altar of an unknown god.
  1309 | D:2      | Identified the +0 mace of Bankruptcy {heavy, Str+2 Int+5
                  | SInv}
  1752 | D:3      | Reached XP level 3. HP: 14/30 MP: 3/3
  1910 | D:3      | Reached ** piety under Trog
  2028 | D:3      | Reached XP level 4. HP: 33/37 MP: 4/4
  2423 | D:4      | Found a runed translucent door.
  2427 | D:4      | Noticed Radamante's ghost (amateur MiFi)
  2533 | D:4      | Reached XP level 5. HP: 42/42 MP: 5/5
  2539 | D:4      | Reached skill level 5 in Axes
  2868 | D:4      | Noticed a black bear
  2879 | D:4      | Killed a black bear
  2880 | D:4      | Reached XP level 6. HP: 50/50 MP: 6/6
  3335 | D:5      | Entered Level 5 of the Dungeon
  3335 | D:5      | Found Vehi's Assorted Antiques.
  3406 | D:5      | Gained mutation: You regenerate magic and health when
                  | rolling toward enemies. (Rampage Regen) [Armataur growth]
  3406 | D:5      | Reached XP level 7. HP: 50/56 MP: 7/7
  3578 | D:5      | Found a snail-covered altar of Cheibriados.
  3718 | D:5      | Found a staircase to the Ecumenical Temple.
  3849 | D:5      | Found a sacrificial altar of Ru.
  3905 | D:5      | Found a burning altar of Makhleb.
  3908 | D:5      | Found a glowing silver altar of Zin.
  3908 | D:5      | Noticed a balrug
  3908 | D:5      | Noticed an angel
  4017 | D:5      | Noticed a wyvern
  4026 | D:5      | Killed a wyvern
  4162 | D:5      | Found a sparkling altar of Nemelex Xobeh.
  4199 | D:5      | Found a shadowy altar of Dithmenos.
  4260 | D:5      | Found a broken altar of Ashenzari.
  4267 | D:5      | Found a hide-covered altar of Uskayaw.
  4438 | D:6      | Reached XP level 8. HP: 63/63 MP: 8/8
  5451 | D:6      | Found a shimmering blue altar of Sif Muna.
  5452 | D:6      | Found a blossoming altar of Fedhas.
  5452 | D:6      | Found a glowing golden altar of the Shining One.
  6206 | D:7      | Found a radiant altar of Vehumet.
  6353 | D:7      | Reached *** piety under Trog
  6637 | D:7      | Noticed a two-headed ogre
  6759 | D:8      | Noticed Psyche
  6768 | D:8      | Killed Psyche
  6769 | D:8      | Reached XP level 9. HP: 71/71 MP: 9/9
  6924 | D:8      | Reached skill level 10 in Axes
  7282 | D:8      | Reached skill level 5 in Armour
  7362 | D:8      | Found a shimmering altar of Xom.
  7373 | D:8      | Found a shimmering altar of Xom.
  7605 | D:9      | a basilisk changed into a queen bee
  7605 | D:9      | Noticed a queen bee (shapeshifter)
  7613 | D:9      | Killed a queen bee
  8119 | D:9      | Noticed a troll
  8127 | D:9      | Killed a troll
  8352 | D:9      | Noticed Grum
  8361 | D:9      | Killed Grum
  8374 | D:9      | Reached XP level 10. HP: 13/78 MP: 10/10
  9006 | D:10     | Entered Level 10 of the Dungeon
  9027 | D:10     | Noticed a gargoyle
  9035 | D:10     | Killed a gargoyle
  9344 | D:10     | Found a staircase to the Lair.
  9513 | D:10     | Reached **** piety under Trog
  9514 | D:10     | Reached skill level 5 in Fighting
  9547 | D:10     | You fall into a shaft and drop 1 floor!
  9577 | D:10     | Identified the +4 hand axe of War {holy, Str+3 Int+4}
  9616 | D:10     | Found an ornate altar of the Wu Jian Council.
  9805 | D:10     | Found a stormy altar of Qazlal.
  9909 | D:10     | Reached XP level 11. HP: 76/91 MP: 11/11
 10137 | D:10     | Found a portal to a secret trove of treasure.
 10764 | D:11     | Noticed Erolcha
 10824 | D:11     | Killed Erolcha
 11511 | D:11     | Found a staircase to the Orcish Mines.
 12096 | D:4      | Killed Radamante's ghost
 12572 | D:7      | Killed a two-headed ogre
 12641 | D:5      | Bought a yellow potion for 27 gold pieces
 12641 | D:5      | Bought a scroll labelled YDUMOI MYGEM for 31 gold pieces
 12641 | D:5      | Bought a scroll labelled HYJEOWKYRGH for 31 gold pieces
 12641 | D:5      | Bought a large soapstone amulet for 155 gold pieces
 12755 | Lair:1   | Entered Level 1 of the Lair of Beasts
 12808 | Lair:1   | Reached skill level 10 in Fighting
 13364 | Lair:1   | Reached XP level 12. HP: 52/106 MP: 12/12
 13776 | Lair:1   | Noticed a boulder beetle
 13788 | Lair:1   | Killed a boulder beetle
 13789 | Lair:1   | Reached skill level 1 in Throwing
 14313 | Lair:2   | Reached ***** piety under Trog
 14915 | Lair:2   | Noticed a seven-headed hydra
 14926 | Lair:2   | Killed a seven-headed hydra
 15112 | Lair:2   | Found a hole to the Spider Nest.
 15236 | Lair:2   | Reached skill level 10 in Armour
 15559 | Lair:2   | Found a staircase to the Swamp.
 16911 | Lair:3   | Noticed an eight-headed hydra
 16920 | Lair:3   | Killed an eight-headed hydra
 17140 | Lair:3   | Reached XP level 13. HP: 99/114 MP: 13/13
 18192 | Lair:4   | Found the macabre finger necklace {Finger+ rN+}
 18901 | Lair:5   | Entered Level 5 of the Lair of Beasts
 19189 | Lair:5   | Reached skill level 1 in Evocations
 20122 | Lair:5   | Reached skill level 5 in Throwing
 20354 | Lair:5   | Found a staircase to the Slime Pits.
 20355 | Lair:5   | Found a viscous altar of Jiyva.
 20735 | Lair:5   | Reached XP level 14. HP: 51/126 MP: 14/14
 21517 | Lair:5   | Reached skill level 15 in Axes
 22633 | D:12     | Found Semoegg's Antique Weapon Shop.
 22959 | D:12     | Received a gift from Trog
 23410 | D:12     | Bought a glowing broad axe for 238 gold pieces
 23502 | Orc:1    | Entered Level 1 of the Orcish Mines
 23595 | Orc:1    | Paralysed by an orc sorcerer for 4 turns
 23758 | Orc:2    | Entered Level 2 of the Orcish Mines
 24020 | Orc:2    | Found a transporter.
 24021 | Orc:2    | Found a transporter.
 24047 | Orc:2    | Found a one-way gate to the infinite horrors of the Abyss.
 24047 | Orc:2    | Noticed BeoghMyLove's ghost (journeyman CoBe)
 24701 | Orc:2    | Found Igaos's Antique Weapon Boutique.
 24701 | Orc:2    | Found Reef's Jewellery Shoppe.
 24702 | Orc:2    | Found Kathrote's Magic Scroll Emporium.
 24702 | Orc:2    | Found Itruh's Book Boutique.
 24711 | Orc:2    | Reached XP level 15. HP: 118/132 MP: 15/15
 24780 | Orc:2    | Found a staircase to the Elven Halls.
 24805 | Orc:2    | Received a gift from Trog
 24922 | Orc:2    | Found a roughly hewn altar of Beogh.
 25002 | Orc:2    | Noticed Saint Roka
 25021 | Orc:2    | Killed Saint Roka
 25378 | Orc:2    | Bought a fine battleaxe for 264 gold pieces
 25378 | Orc:2    | Identified the +3 battleaxe of Zoysef {drain, Str+6} (You
                  | bought it in a shop on level 2 of the Orcish Mines)
 25522 | Orc:2    | Bought a scroll of enchant armour for 75 gold pieces
 25522 | Orc:2    | Bought a scroll of enchant weapon for 75 gold pieces
 25522 | Orc:2    | Bought a scroll of brand weapon for 95 gold pieces
 25840 | D:13     | Noticed Nessos
 25850 | D:13     | Killed Nessos
 26613 | D:13     | Received a gift from Trog
 26705 | D:13     | Found a gate to the Vaults.
 26963 | D:14     | Reached skill level 1 in Shields
 27088 | D:14     | Found a gate leading to a gauntlet.
 27118 | Gauntlet | Entered a Gauntlet
 27118 | Gauntlet | Found a transporter.
 27118 | Gauntlet | Found a runed translucent door.
 27167 | Gauntlet | Found a runed translucent door.
 27185 | Gauntlet | Found a transporter.
 27187 | Gauntlet | Found a transporter.
 27192 | Gauntlet | Found a runed translucent door.
 27194 | Gauntlet | Found a runed translucent door.
 27197 | Gauntlet | Found a transporter.
 27200 | Gauntlet | Found a transporter.
 27223 | Gauntlet | Found a transporter.
 27243 | Gauntlet | Found a transporter.
 27256 | Gauntlet | Found a transporter.
 27263 | Gauntlet | Found a transporter.
 27267 | Gauntlet | Found a transporter.
 27293 | Gauntlet | Found a transporter.
 27293 | Gauntlet | Found a transporter.
 27325 | Gauntlet | Found a transporter.
 27332 | Gauntlet | Found a transporter.
 27514 | Gauntlet | HP: 4/201 [lightning spire/bolt of electricity (9)]
 27813 | Gauntlet | Identified the amulet "Zeetett" {Fly rN+++ Regen+ Int+2
                  | Stlth-}
 27900 | Gauntlet | Identified the amulet "Inoclacw" {RegenMP rElec}
 27957 | D:14     | Found Elian's CLEARANCE SALE!.
 27965 | D:14     | Bought a scroll of fog for 32 gold pieces
 28080 | D:14     | Noticed Snorg
 28089 | D:14     | Killed Snorg
 28133 | D:14     | Noticed Rupert
 28145 | D:14     | Killed Rupert
 28146 | D:14     | Reached skill level 5 in Shields
 28720 | D:15     | Entered Level 15 of the Dungeon
 29169 | D:15     | Found a staircase to the Depths.
 29519 | D:15     | Found a faded altar of an unknown god.
 29519 | D:15     | Found a faded altar of an unknown god.
 29521 | D:15     | Found a hazy altar of Hepliaklqana.
 29847 | Elf:1    | Entered Level 1 of the Elven Halls
 29858 | Elf:1    | Reached XP level 16. HP: 143/143 MP: 16/16
 29956 | Elf:1    | Paralysed by an air elemental for 1 turns
 30047 | Elf:1    | Paralysed by an air elemental for 1 turns
 30054 | Elf:1    | Paralysed by an air elemental for 1 turns
 30262 | Elf:1    | Found an ancient bone altar of Kikubaaqudgha.
 30268 | Elf:1    | Received a gift from Trog
 30560 | Elf:1    | Paralysed by an air elemental for 1 turns
 30563 | Elf:1    | Paralysed by an air elemental for 1 turns
 30642 | Elf:1    | Reached skill level 10 in Shields
 30892 | Elf:2    | Found a runed translucent gate.
 30892 | Elf:2    | Found a runed translucent gate.
 30892 | Elf:2    | Found a runed translucent gate.
 30947 | Elf:2    | Paralysed by an air elemental for 1 turns
 31114 | Elf:2    | Found Vocheli's Jewellery Shoppe.
 31135 | Elf:2    | Found Ypocux's General Store.
 31161 | Elf:2    | Found a roughly hewn altar of Beogh.
 31196 | Elf:2    | Found Ucogaucu's Antique Armour Shoppe.
 31517 | Elf:2    | Found Satruaph's Distillery.
 31533 | Elf:2    | Bought a potion of resistance for 160 gold pieces
 31533 | Elf:2    | Bought a potion of enlightenment for 80 gold pieces
 31545 | Elf:2    | Found Enacricun's Elven Fire.
 31649 | Elf:2    | Bought a transparent chain mail for 275 gold pieces
 31649 | Elf:2    | Identified the +0 chain mail of Kindness {+Blink Int-2
                  | Dex+2 SInv} (You bought it in a shop on level 2 of the
                  | Elven Halls)
 31653 | Elf:2    | Bought the ring "Rubaun" {rPois rF+ Str+4} for 763 gold
                  | pieces
 31705 | Elf:2    | Bought a polished hat for 261 gold pieces
 31705 | Elf:2    | Identified the +1 hat of Inaction {^Contam rPois rN+++
                  | rCorr} (You bought it in a shop on level 2 of the Elven
                  | Halls)
 32153 | Orc:2    | Bought a scroll of blinking for 75 gold pieces
 32329 | Spider:1 | Entered Level 1 of the Spider Nest
 32749 | Spider:1 | Reached ****** piety under Trog
 32749 | Spider:1 | Received a gift from Trog
 32847 | Spider:1 | Reached XP level 17. HP: 152/152 MP: 17/17
 33421 | Spider:2 | Identified the +2 robe "Aruenum" {rC+ rN+ Str-5 Slay+2}
 33451 | Spider:2 | Identified the +1 leather armour "Hostrammu" {Rampage
                  | Int+2}
 33544 | Spider:2 | Received a gift from Trog
 33808 | Spider:3 | Identified the serpent talisman "Golluh" {rC+ Str+4 Dex+2}
 33808 | Spider:3 | Noticed Aizul
 33822 | Spider:3 | Killed Aizul
 34170 | Spider:4 | Entered Level 4 of the Spider Nest
 34419 | Spider:4 | Reached skill level 10 in Throwing
 34749 | Spider:4 | Got a gossamer rune of Zot
 34796 | Spider:4 | Got a milky-white gem with 26 turns to spare
 34821 | Spider:4 | Lost the milky-white gem through the power of Zot.
 34857 | Spider:4 | Reached XP level 18. HP: 112/160 MP: 18/18
 35235 | Spider:4 | Received a gift from Trog
 35392 | Spider:4 | Reached skill level 5 in Evocations
 35741 | Swamp:1  | Entered Level 1 of the Swamp
 36830 | Swamp:3  | Noticed Mlioglotl
 36840 | Swamp:3  | Killed Mlioglotl
 37034 | Swamp:3  | Noticed Louise
 37065 | Swamp:3  | Killed Louise
 37122 | Swamp:3  | Noticed Nikola
 37133 | Swamp:3  | Killed Nikola
 37134 | Swamp:3  | Reached skill level 15 in Armour
 37364 | Swamp:4  | Entered Level 4 of the Swamp
 38151 | Swamp:4  | Reached skill level 15 in Shields
 38277 | Swamp:4  | Got a decaying rune of Zot
 38316 | Swamp:4  | Identified the +0 robe "Cobror" {Will++}
 38527 | Vaults:1 | Entered Level 1 of the Vaults
 38568 | Vaults:1 | Reached XP level 19. HP: 167/167 MP: 19/19
 38799 | Vaults:1 | Found Izxobelu's Weapon Shop.
 39454 | Vaults:1 | Received a gift from Trog
 39660 | Vaults:2 | Found a magical portal.
 39670 | WizLab   | Entered The Chambers of the Cloud Mage
 39677 | WizLab   | Paralysed by an air elemental for 1 turns
 39727 | WizLab   | Paralysed by an air elemental for 1 turns
 39742 | WizLab   | Paralysed by an air elemental for 1 turns
 39919 | WizLab   | Paralysed by an air elemental for 1 turns
 39933 | WizLab   | Identified a scroll of acquirement
 39935 | WizLab   | Reached XP level 20. HP: 176/176 MP: 20/20
 39936 | WizLab   | Acquired the ring "Qapp" {rElec AC+4 Str+3}
 39986 | WizLab   | Paralysed by an air elemental for 1 turns
 40079 | WizLab   | Identified the ring of Fouqon {rF+ EV+5 Int+3}
 40155 | WizLab   | Paralysed by an air elemental for 1 turns
 40157 | WizLab   | Paralysed by an air elemental for 1 turns
 40215 | WizLab   | Paralysed by an air elemental for 1 turns
 40304 | WizLab   | Paralysed by an air elemental for 1 turns
 40327 | WizLab   | Found the ring of the Octopus King
 40334 | WizLab   | Identified a ring of the Octopus King {rF+ HP+2 AC+2 EV+2
                  | SH+2}
 40453 | Vaults:2 | Reached skill level 15 in Fighting
 40642 | Vaults:2 | Received a gift from Trog
 41011 | Vaults:2 | Identified the +0 robe of Niuteb {Fly Str-4 Stlth-
                  | Archmagi}
 41914 | Vaults:3 | Received a gift from Trog
 41935 | Vaults:3 | Reached skill level 10 in Evocations
 41948 | Vaults:3 | Reached XP level 21. HP: 170/188 MP: 21/21
 42039 | Vaults:3 | Found a staircase to the Crypt.
 42172 | Vaults:3 | Noticed Zenata
 42188 | Vaults:3 | Killed Zenata
 42451 | Vaults:3 | Found a runed translucent gate.
 42451 | Vaults:3 | Found a runed translucent gate.
 42451 | Vaults:3 | Found a runed translucent gate.
 42452 | Vaults:3 | Noticed Caqes's ghost (veteran CoBe)
 42617 | Vaults:3 | Killed Caqes's ghost
 43346 | Vaults:4 | Received a gift from Trog
 43452 | Vaults:4 | Found a transporter.
 43596 | Vaults:4 | Identified the +3 robe of Evolution {SInv Archmagi}
 43596 | Vaults:4 | Noticed Boris
 43611 | Vaults:4 | Killed Boris
 43715 | Vaults:4 | Reached skill level 5 in Dodging
 43926 | Vaults:4 | Found a transporter.
 43941 | Vaults:4 | Noticed Caqes's ghost (veteran CoBe)
 43943 | Vaults:4 | Found a bloodstained altar of Trog.
 44103 | Vaults:4 | Received a gift from Trog
 44513 | Elf:3    | Entered Level 3 of the Elven Halls
 44644 | Elf:3    | Identified the +1 spear of Invincibility {holy, *Rage rN++}
 45049 | Elf:3    | Paralysed by an air elemental for 1 turns
 45472 | Elf:3    | Identified the +3 battleaxe of the Spider Nest {venom,
                  | rPois Int+4}
 45565 | Elf:3    | Reached XP level 22. HP: 199/199 MP: 22/22
 45719 | Elf:3    | Identified the ring of Weluniy {rPois rCorr Dex+6}
 45770 | Elf:3    | Identified the +4 mace of Adverse Possession {freeze,
                  | *Noise rN+ Will- Dex+5}
 45804 | Elf:3    | Identified the +1 robe of Liberalism {rPois rF+++ Str-5
                  | Dex-3}
 45858 | Elf:3    | Identified the staff of the Crushed Nightmares {*Slow rCorr
                  | Hexes Air Earth}
 45860 | Elf:3    | Identified the +5 shortbow "Diluss" {elec, rElec rF+ Str+2}
 46099 | Elf:3    | Upgraded the game from 0.32-a0-468-g38b2580 to
                  | 0.32-a0-470-g255bbe2
 46317 | Orc:2    | Killed BeoghMyLove's ghost
 46334 | Orc:2    | Received a gift from Trog
 46727 | Crypt:1  | Entered Level 1 of the Crypt
 46971 | Crypt:1  | You are sucked into a shaft and drop 1 floor!
 47890 | Crypt:2  | Identified the +3 broad axe of Cowardice {heavy, rF++
                  | Dex+3} (Trog gifted it to you on level 2 of the Crypt)
 47890 | Crypt:2  | Received a gift from Trog
 48452 | Crypt:3  | Entered Level 3 of the Crypt
 48752 | Crypt:3  | Found a staircase to the Tomb.
 48836 | Crypt:3  | Received a gift from Trog
 49007 | Crypt:3  | Reached skill level 15 in Throwing
 49044 | Crypt:3  | Noticed Jory
 49057 | Crypt:3  | Killed Jory
 49061 | Crypt:3  | Found an ancient bone altar of Kikubaaqudgha.
 49162 | Crypt:3  | Identified the staff "Bahikhlin" {^Drain *Slow rCorr Dex+4
                  | Conj}
 49164 | Crypt:3  | Identified the +6 giant spiked club of Guusmemn {holy, rF+}
 49432 | Crypt:3  | Reached XP level 23. HP: 209/209 MP: 23/23
 49507 | Crypt:3  | Identified the +4 broad axe "Zaik" {flame, rF+ rC- rCorr
                  | Dex+2} (Trog gifted it to you on level 3 of the Crypt)
 49507 | Crypt:3  | Received a gift from Trog
 49555 | Crypt:3  | Identified the staff of the Devouring Gods {^Drain *Slow
                  | rC+++ rN+ Int+4 Necro}
 49555 | Crypt:3  | Identified the death talisman of Titeali {rElec rC+ SInv}
 49910 | Depths:1 | Entered Level 1 of the Depths
 49959 | Depths:1 | Noticed Margery
 49978 | Depths:1 | Killed Margery
 49997 | Depths:1 | Found a gateway to Hell.
 50071 | Depths:1 | You are sucked into a shaft and drop 1 floor!
 50274 | Depths:1 | Found a one-way gate leading to the halls of Pandemonium.
 50415 | Depths:1 | Found a stormy altar of Qazlal.
 50507 | Depths:1 | Noticed Norris
 50541 | Depths:1 | Killed Norris
 50832 | Depths:2 | Received a gift from Trog
 50970 | Depths:2 | Identified the ring of Past Mistakes {Ice ^Drain Str+4}
 50970 | Depths:2 | Noticed Josephina
 50975 | Depths:2 | Noticed a juggernaut
 50975 | Depths:2 | Noticed a juggernaut
 51149 | Depths:2 | Killed a juggernaut
 51559 | Depths:2 | Received a gift from Trog
 51697 | Depths:2 | Killed a juggernaut
 51937 | Depths:2 | Received a gift from Trog
 51966 | Depths:2 | Reached XP level 24. HP: 190/224 MP: 23/23
 52010 | Depths:2 | Identified the ring "Gauvomi" {*Corrode rElec Str+6 Dex+2
                  | SInv}
 52227 | Depths:2 | Killed Josephina
 52594 | Depths:3 | Received a gift from Trog
 52720 | Depths:3 | Found a one-way gateway to a ziggurat.
 52832 | Depths:3 | Noticed a juggernaut
 52854 | Depths:3 | Killed a juggernaut
 53138 | Depths:3 | Identified the +0 orcbow "Dustib" {flame, Str+3}
 53171 | Depths:3 | Identified the +4 falchion of Myceofuc {freeze, rPois
                  | rCorr}
 53213 | Depths:3 | Identified the +0 ring mail of the Weaver {Str+3 Slay+3}
 53233 | Depths:3 | Identified the +1 trident "Ogrebane" {vamp, rPois rF+
                  | Dex-4}
 53535 | Depths:3 | Found a corrupted altar of Lugonu.
 53585 | Depths:4 | Entered Level 4 of the Depths
 53625 | Depths:4 | Found a snail-covered altar of Cheibriados.
 53644 | Depths:4 | Found Urici's Antique Weapon Shoppe.
 53646 | Depths:4 | Found Iboazish's Antique Armour Emporium.
 53648 | Depths:4 | Found Suoq's Antique Armour Shoppe.
 53680 | Depths:4 | Reached skill level 1 in Invocations
 54105 | Depths:4 | Reached skill level 5 in Invocations
 54111 | Depths:4 | Received a gift from Trog
 54705 | Depths:4 | Found a gate to the Realm of Zot.
 55125 | Slime:1  | Entered Level 1 of the Pits of Slime
 55263 | Slime:3  | Reached skill level 10 in Invocations
 55263 | Slime:3  | Reached XP level 25. HP: 186/231 MP: 30/30
 55324 | Slime:5  | Entered Level 5 of the Pits of Slime
 55361 | Slime:5  | Noticed the Royal Jelly
 55362 | Slime:5  | Gained mutation: You have a pair of small horns on your
                  | head. [a shining eye]
 55382 | Slime:5  | Killed the Royal Jelly
 55551 | Slime:5  | Got a starry gem with 244 turns to spare
 55553 | Slime:5  | Got a slimy rune of Zot
 55571 | Slime:5  | Identified the +0 spear of Bloody Death {heavy, Str+2
                  | Dex+4}
 55646 | Slime:5  | Identified the +2 quarterstaff "Yxaun" {vamp, Will- Str+2
                  | Dex+6 SInv}
 55650 | Slime:5  | Identified the amulet "Qeapoas" {Acrobat rC+}
 55712 | Slime:1  | Gained mutation: You occasionally lose the ability to read
                  | scrolls when taking damage. [a shining eye]
 55731 | Lair:5   | Lost mutation: You have a pair of small horns on your head.
                  | [potion of mutation]
 55731 | Lair:5   | Lost mutation: You occasionally lose the ability to read
                  | scrolls when taking damage. [potion of mutation]
 55731 | Lair:5   | Gained mutation: You have hidden genetic potential. [potion
                  | of mutation]
 55731 | Lair:5   | Gained mutation: You are resistant to electric shocks.
                  | (rElec) [potion of mutation]
 55879 | D:10     | You showed the slimy rune of Zot to enter a treasure trove
 55880 | Trove    | Entered a treasure trove
 55886 | Trove    | Identified the amulet of Ullorero {Reflect ^Drain rPois
                  | rN++ SH+5 SInv}
 55892 | Trove    | Identified the ring of Galiaw {rN+ Str+3 Int+4 Slay-3 SInv}
 55894 | Trove    | Identified the ring of Eternity {Ice Str+4 Dex+3}
 55915 | D:10     | Upgraded the game from 0.32-a0-470-g255bbe2 to
                  | 0.32-a0-471-gb91d5d9
 56281 | Vaults:5 | Entered Level 5 of the Vaults
 56311 | Vaults:5 | Received a gift from Trog
 56314 | Vaults:5 | Noticed a dread lich
 56681 | Vaults:5 | Noticed a dread lich
 56687 | Vaults:5 | Killed a dread lich
 56716 | Vaults:5 | Paralysed by a dread lich for 2 turns
 56721 | Vaults:5 | Paralysed by a dread lich for 3 turns
 56730 | Vaults:5 | Killed a dread lich
 56761 | Vaults:5 | Reached skill level 15 in Invocations
 56959 | Vaults:5 | Noticed a dread lich
 56969 | Vaults:5 | Killed a dread lich
 57000 | Vaults:5 | Received a gift from Trog
 57168 | Vaults:5 | Identified the +5 scimitar "Xoat Ola" {spect, rElec rN+}
 57205 | Vaults:5 | Identified the +7 long sword of Ru's Generosity {freeze,
                  | rPois Will- rCorr Int+3}
 57288 | Vaults:5 | Identified the +5 ring mail of Eternal Night {rC- Dex+5}
 57335 | Vaults:5 | Got a silver rune of Zot
 58271 | Elf:2    | Bought a potion of ambrosia for 120 gold pieces
 58271 | Elf:2    | Bought a scroll of enchant armour for 112 gold pieces
 58832 | Zig:1    | Entered Level 1 of a ziggurat
 58849 | Zig:2    | Entered Level 2 of a ziggurat
 58869 | Zig:3    | Entered Level 3 of a ziggurat
 58911 | Zig:4    | Entered Level 4 of a ziggurat
 58953 | Zig:5    | Entered Level 5 of a ziggurat
 58958 | Zig:5    | Noticed an orb of fire
 58978 | Zig:5    | Killed an orb of fire
 58981 | Zig:5    | Identified the +3 dagger "Oschil" {holy, Fly rF- Str+5
                  | Dex+3}
 58992 | Zig:5    | Reached XP level 26. HP: 239/239 MP: 35/36
 58995 | Zig:6    | Entered Level 6 of a ziggurat
 59007 | Zig:6    | Reached XP level 27. HP: 113/246 MP: 36/36
 59152 | Zig:6    | Identified the staff "Dannub" {rPois rC+ MP-9 Str+8 Tloc
                  | Alchemy}
 59165 | Zig:7    | Entered Level 7 of a ziggurat
 59169 | Zig:7    | Noticed Ycluowel the pandemonium lord
 59185 | Zig:7    | Killed Ycluowel the pandemonium lord
 59187 | Zig:7    | Received a gift from Trog
 59204 | Zig:7    | Identified the +0 helmet "Tumidoru" {rF+ rN+}
 59239 | Zig:8    | Entered Level 8 of a ziggurat
 59266 | Zig:8    | Gained mutation: You have sharp toenails. [hidden
                  | potential]
 59372 | Zig:8    | Identified the +10 plate armour of the Unbearable God
                  | {rPois rC- rN+++ Will-}
 59419 | Depths:3 | Voluntarily entered the Abyss.
 60041 | Abyss:1  | Paralysed by an air elemental for 1 turns
 60043 | Abyss:1  | Paralysed by an air elemental for 1 turns
 60063 | Abyss:1  | Received a gift from Trog
 60072 | Abyss:1  | Found a corrupted altar of Lugonu.
 60092 | Abyss:1  | Found a shadowy altar of Dithmenos.
 60111 | Abyss:1  | Found a sacrificial altar of Ru.
 60294 | Abyss:1  | Found a corrupted altar of Lugonu.
 60331 | Abyss:1  | Found a corrupted altar of Lugonu.
 60577 | Abyss:3  | Found a corrupted altar of Lugonu.
 60635 | Abyss:3  | Found a corrupted altar of Lugonu.
 60753 | Abyss:3  | Received a gift from Trog
 60918 | Abyss:3  | Found a corrupted altar of Lugonu.
 60920 | Abyss:3  | Found a corrupted altar of Lugonu.
 60920 | Abyss:3  | Found a corrupted altar of Lugonu.
 61161 | Abyss:3  | Gained mutation: Your magical capacity is low. (-10% MP) [a
                  | neqoxec]
 61224 | Abyss:3  | Received a gift from Trog
 61256 | Abyss:3  | Found a corrupted altar of Lugonu.
 61316 | Abyss:3  | Found a corrupted altar of Lugonu.
 61358 | Abyss:3  | Got an abyssal rune of Zot
 61389 | Depths:3 | Escaped the Abyss
 61510 | Zot:1    | Entered Level 1 of the Realm of Zot
 61607 | Zot:1    | Identified the +1 battleaxe "Rummage" {heavy, ^Contam rCorr
                  | Str+2} (Trog gifted it to you on level 1 of the Realm of
                  | Zot)
 61607 | Zot:1    | Received a gift from Trog
 62115 | Zot:1    | Identified the +3 ring mail of Ravioli {+Inv rPois Str-4
                  | Dex+3}
 62852 | Zot:2    | Received a gift from Trog
 62898 | Zot:2    | Gained mutation: Your tail ends in a venomous barb. [hidden
                  | potential]
 62898 | Zot:2    | Lost mutation: You have hidden genetic potential. [hidden
                  | potential expressed]
 63101 | Zot:2    | Identified the +7 orcbow "Byak" {heavy, rC++}
 63155 | Zot:2    | Identified the +6 spear of the Winnowing King {heavy,
                  | Dex+2}
 64225 | Zot:3    | Received a gift from Trog
 64362 | Zot:3    | Identified the +5 halberd of the Burnt God {flame, Str+3
                  | Int+2}
 64718 | Zot:4    | Identified the ring "Emiggeo" {rF+ AC+4 Str+3 Stlth+}
 65486 | Zot:4    | Reached skill level 10 in Dodging
 65622 | Zot:5    | Entered Level 5 of the Realm of Zot
 66235 | Zot:5    | Noticed an orb of fire
 66263 | Zot:5    | Killed an orb of fire
 66264 | Zot:5    | Noticed an ancient lich
 66264 | Zot:5    | Noticed an orb of fire
 66264 | Zot:5    | Noticed an orb of fire
 66264 | Zot:5    | Noticed an orb of fire
 66264 | Zot:5    | Noticed a dread lich
 66276 | Zot:5    | Gained mutation: You are weak. (Str -2) [an orb of fire]
 66279 | Zot:5    | Lost mutation: You are weak. (Str -2) [an orb of fire]
 66282 | Zot:5    | Killed an orb of fire
 66301 | Zot:5    | Killed an orb of fire
 66316 | Zot:5    | Killed an orb of fire
 66321 | Zot:5    | Killed a dread lich
 66333 | Zot:5    | Killed an ancient lich
 66352 | Zot:5    | Received a gift from Trog
 66549 | Zot:5    | Noticed a dread lich
 66561 | Zot:5    | Killed a dread lich
 66754 | Zot:5    | Noticed a dread lich
 66772 | Zot:5    | Killed a dread lich
 66777 | Zot:5    | Noticed an ancient lich
 66797 | Zot:5    | Killed an ancient lich
 66879 | Zot:5    | Noticed a dread lich
 66898 | Zot:5    | Killed a dread lich
 67022 | Zot:5    | Noticed a dread lich
 67026 | Zot:5    | Paralysed by a dread lich for 4 turns
 67040 | Zot:5    | Killed a dread lich
 67135 | Zot:5    | Noticed a dread lich
 67148 | Zot:5    | Paralysed by a dread lich for 5 turns
 67155 | Zot:5    | Killed a dread lich
 67320 | Zot:5    | Noticed an ancient lich
 67446 | Zot:5    | Killed an ancient lich
 67650 | Zot:5    | Got the Orb of Zot
 68166 | D:4      | Noticed a seraph
 68264 | D:$      | Escaped with the Orb!

Illustrated notes

Levels and vault maps discovered:
D:1:      giann_horns, layout_basic, hellmonk_ecumenical_altar_inner_sanctum,
          bh_walls_and_bars
D:2:      layout_basic, nicolae_concentric_dashed_squares_wild,
          item_on_display_a
D:3:      layout_basic
D:4:      layout_basic, hellmonk_ghost_happy_afterlife
D:5:      layout_rooms, grunt_temple_overflow_order_and_chaos_2,
          nicolae_ru_great_annihilating_truth, mainiacjoe_overflow_tiny_flanked,
          amethyst_overflow_temple_binary, mainiacjoe_overflow_two_lobes,
          lemuel_temple_firewalk_b, serial_shops, shop_fountains
D:6:      layout_layer_cave, gammafunk_temple_overflow_forgotten,
          hangedman_decor_slide_cut, minivault_24,
          chequers_serial_rivers_micro_d
D:7:      layout_rooms, vehumet_altar_wand_db
D:8:      nicolae_BIG_FREAKIN_CUBE, layout_gridville, xom_redecorated,
          uniq_psyche
D:9:      layout_basic, serial_library_hellmonk_recessed_alcove, minmay_between,
          uniq_grum
D:10:     layout_roguey, mainiacjoe_overflow_catwalk_spiral,
          hellmonk_lair_entry_icy, nicolae_trove_entry_crystal,
          minmay_tree_intersection, grunt_livestock
D:11:     layout_long_grid, david_orc_4, special_room [special_room_bee],
          chequers_mini_garden, uniq_erolcha
D:12:     kennysheep_blocky_room, layout_irregular_city, serial_shops,
          nicolae_shop_gibbet_a_chance
D:13:     layout_basic, hangedman_vaults_entry_quadrant_bands, uniq_nessos
D:14:     layout_stronghold, serial_park_fountain, gauntlet_entry_generic,
          grunt_ministairs_15, nicolae_shop_clearance, uniq_snorg, uniq_rupert
D:15:     hangedman_depths_entry_civil_slaughter, layout_cave_pods,
          serial_park_avenue1, nicolae_hepliaklqana_ecumenical_no_more
Lair:1:   layout_loops_ring
Lair:2:   layout_chaotic_city, nicolae_swamp_entry_splash_gauntlet,
          nicolae_spider_entry_orb_guardian
Lair:3:   layout_layer_cave, kennysheep_rathole, infiniplex_staircase_pool_2,
          grunt_megastairs_3
Lair:4:   layout_gridlike
Lair:5:   evilmike_catoblepas_cave, layout_regular_city, slime_entry_1,
          grunt_megastairs_1, lemuel_fruit_fields, lemuel_fruit_fields,
          serial_bayou_shore_a
Swamp:1:  layout_basic_swamp, evilmike_swamp_ruin_house_5, swamp_pool_1_2
Swamp:2:  layout_falls_marsh, evilmike_swamp_ruin_house_1
Swamp:3:  layout_basic_swamp, nicolae_swamp_rocky_clearing, uniq_nikola,
          uniq_mlioglotl, uniq_louise
Swamp:4:  swamp_basic_johnstein, layout_basic_swamp, nicolae_swamp_tree_isthmus
Spider:1: layout_spider_delve, nicolae_spider_bzzzt,
          hangedman_spider_tarantella_strand
Spider:2: nicolae_spider_mines_1
Spider:3: layout_spider_delve, uniq_aizul
Spider:4: floodkiller_spider_rune_tomb, nicolae_crawler_farm
Slime:1:  cheibrodos_slime_lost_civilization_8, layout_caves,
          cheibrodos_slime_lost_civilization_7
Slime:2:  layout_caves, nicolae_slime_crime_time
Slime:3:  layout_caves
Slime:4:  layout_caves, cheibrodos_slime_lost_civilization_6
Slime:5:  slime_pit_nicolae_jellycorners
Orc:1:    layout_diamond_mine
Orc:2:    st_orc_ogre_mass, layout_caves, gammafunk_ghost_abyssal_escape,
          nicolae_orc_seminary, uniq_saint_roka
Elf:1:    eino_elf_arrival_customs, layout_geoelf_diagonals, basic_altar,
          kilobyte_rumbling_trees
Elf:2:    elven_hall_of_blades_hangedman_original [nicolae_blade_lattice],
          layout_rooms, special_room [special_room_orc],
          minmay_shop_grid_forest, serial_sigils_hangedman_stare,
          guppyfry_elf_lava
Elf:3:    minmay_elf_hall_furrowed, layout_geoelf_diagonals
Vaults:1: nicolae_vaults_storage_room_statues, vaults_dpeg_cross,
          hangedman_vaults_locks, ontoclasm_vaults_decontamination,
          v_alt_pattern_4, nicolae_vaults_taking_the_gang_shopping,
          ontoclasm_vaults_bender, nicolae_vaults_closet_pinwheel_6,
          hangedman_vaults_slice, layout_vaults_maze_snakey
Vaults:2: infiniplex_enter_wizlab_spiral, nicolae_vaults_trapezoid_lopsided_3,
          hangedman_vaults_trim, v_misc_5, grunt_vaults_diagonal,
          nicolae_vaults_shipping_containers_4, hangedman_vaults_pinch,
          layout_vaults_omnibox
Vaults:3: gammafunk_ghost_necromancy, minmay_crypt_entry_simple_statues,
          hangedman_vaults_maws, nicolae_vaults_door_testing_chamber,
          nicolae_vaults_tetromino_Z_1, nicolae_vaults_little_ls,
          grunt_vaults_focal, ontoclasm_vaults_pinch, layout_vaults_quadrants,
          uniq_zenata
Vaults:4: gammafunk_ghost_wrathful_warriors, v_misc_15,
          nicolae_vaults_bisected_exclaves, v_pattern_3, v_misc_10,
          nicolae_vaults_hexular_roomagon, nicolae_vaults_library_corner,
          vaults_mumra_minichess, nicolae_vaults_sightless_eye,
          nicolae_vaults_little_squares_3, nicolae_vaults_tetromino_Z_2,
          layout_vaults_chaotic_city, uniq_boris
Vaults:5
Crypt:1:  layout_catacombs, grunt_megastairs_4
Crypt:2:  layout_gridlike
Crypt:3:  church_of_pain_bobbens, layout_chaotic_city, uniq_jory
Depths:1: layout_cave_shapes, grunt_pan_entry_spiral,
          abyss_entry_small_statue_room, grunt_metal_band,
          nicolae_qazlal_general_emergency, uniq_norris
Depths:2: grunt_runaround [grunt_runaround_loot, grunt_runaround_doors_1,
          grunt_runaround_doors_2, grunt_runaround_doors_3,
          grunt_runaround_doors_4], pan_entry, hell_entry, uniq_grunn,
          uniq_josephina
Depths:3: minmay_the_grid_square_5x5_5x5 [minmay_the_grid_square_5x5_detours,
          minmay_the_grid_square_5x5_checkered_statues,
          minmay_the_grid_square_5x5_n_small,
          minmay_the_grid_square_5x5_one_wall,
          minmay_the_grid_square_5x5_almost_minimal,
          minmay_the_grid_square_5x5_comb,
          minmay_the_grid_square_5x5_prize_waves,
          minmay_the_grid_square_5x5_eight_small,
          minmay_the_grid_square_5x5_prize_deathbox,
          minmay_the_grid_square_5x5_pentomino_r,
          minmay_the_grid_square_5x5_misaligned,
          minmay_the_grid_square_5x5_tetrominoes,
          minmay_the_grid_square_5x5_prize_rear_guard,
          minmay_the_grid_square_5x5_longway,
          minmay_the_grid_square_5x5_shuriken, minmay_the_grid_square_5x5_three,
          minmay_the_grid_square_5x5_prize_snowflake,
          minmay_the_grid_square_5x5_three_walls,
          minmay_the_grid_square_5x5_prize_itemx,
          minmay_the_grid_square_5x5_empty,
          minmay_the_grid_square_5x5_intrusive_squares,
          minmay_the_grid_square_5x5_trominoes, minmay_the_grid_square_5x5_two,
          minmay_the_grid_square_5x5_corner,
          minmay_the_grid_square_5x5_broken_cross], layout_twisted_cross,
          enter_ziggurat_c, hell_entry, serial_sigils_hangedman_leer,
          abyss_entry_flame_altar
Depths:4: grunt_zot_entry_hairpin, layout_gridlike, cheibriados_altar_1,
          minmay_room_of_horrors, hell_entry, minmay_shop_star
Zot:1:    layout_misc_corridors
Zot:2:    hangedman_zot_vaults_quadrants, layout_onion_interference
Zot:3:    layout_misc_corridors, amethyst_zot_foddershock
Zot:4:    layout_twisted_circle
Zot:5:    layout_misc_corridors

Skill      XL: |  1  2  3  4  5  6  7  8  9 10 11 12 13 14 15 16 17 18 19 20 21 22 23 24 25 26 27 |
---------------+----------------------------------------------------------------------------------+-----
Axes           | 3 4 5 6 8 9 11 12 14 17 18 | 18.0
Fighting       | 3 4 6 10 12 13 14 16 17 18 20 22 | 22.2
Armour         | 4 5 9 12 13 14 16 17 18 20 21 24 | 24.0
Dodging        | 2 4 6 8 10 | 10.0
Throwing       | 2 6 11 12 15 16 18 | 18.0
Evocations     | 4 8 10 12 | 12.0
Shields        | 7 12 14 15 16 18 | 18.0
Invocations    | 10 18 24 | 24.1

Action                     |  1- 3 |  4- 6 |  7- 9 | 10-12 | 13-15 | 16-18 | 19-21 | 22-24 | 25-27 || total
---------------------------+-------+-------+-------+-------+-------+-------+-------+-------+-------++-------
  Melee: Hand axe          |   102 |   121 |   281 |   689 |   774 |       |       |       |       ||  1967
         Tailslap          |     9 |     5 |    53 |   124 |   266 |   232 |   186 |   404 |   595 ||  1874
         Broad axe         |       |       |    60 |   123 |   403 |  1239 |   989 |  1817 |  2297 ||  6928
         Mace              |       |       |       |    14 |    19 |       |       |       |       ||    33
         Battleaxe         |       |       |       |       |   109 |       |       |       |       ||   109
         Morningstar       |       |       |       |       |       |    58 |       |       |       ||    58
         Headbutt          |       |       |       |       |       |       |       |       |    30 ||    30
  Throw: Stone             |     2 |     2 |     1 |     1 |     3 |       |       |       |       ||     9
         Dart              |       |     2 |     8 |    31 |    52 |    11 |       |       |       ||   104
         Boomerang         |       |       |       |       |    13 |    40 |    23 |    16 |   188 ||   280
         Javelin           |       |       |       |       |       |     4 |       |     2 |    17 ||    23
 Invoke: Berserk           |     1 |     4 |     9 |    14 |    14 |     3 |     3 |     5 |     3 ||    56
         Trog's Hand       |     1 |       |       |     8 |    15 |     8 |    12 |    12 |    14 ||    70
         Brothers in Arms  |       |       |       |       |     2 |     6 |     2 |     2 |     6 ||    18
  Evoke: Wand              |       |       |       |     3 |       |       |       |       |     9 ||    12
         Phial of floods   |       |       |       |       |       |     1 |     1 |       |       ||     2
         Tin of tremorston |       |       |       |       |       |       |       |       |     3 ||     3
    Use: Scroll            |       |       |     5 |     3 |    15 |    16 |     8 |    23 |    31 ||   101
         Potion            |       |       |     1 |     1 |     1 |     4 |     1 |     9 |    19 ||    36
   Stab: Sleeping          |     1 |       |       |       |       |       |       |       |       ||     1
         Distracted        |     1 |       |       |       |       |       |       |       |     2 ||     3
         Paralysed         |       |       |     1 |       |       |       |       |       |       ||     1
         Petrified         |       |       |       |       |     5 |       |       |       |       ||     5
 Armour: Animal skin       |    48 |       |       |       |       |       |       |       |       ||    48
         Ring mail         |     1 |    96 |    64 |       |       |       |       |       |       ||   161
         Chain mail        |       |       |   152 |       |       |       |       |   323 |       ||   475
         Plate armour      |       |       |    87 |   638 |  1000 |  1294 |   824 |   605 |       ||  4448
         Gold dragon scale |       |       |       |       |       |       |       |   454 |  1981 ||  2435
  Dodge: Dodged            |    43 |    57 |   122 |   173 |   307 |   224 |   131 |   260 |   398 ||  1715
  Block: Kite shield       |       |       |       |       |    71 |   899 |   549 |  1052 |  1396 ||  3967
         Buckler           |       |       |       |       |     5 |       |       |       |       ||     5

Table legend: (Time is in decaauts)
 A = Elapsed time spent in this place.
 B = Non-inter-level travel time spent in this place.
 C = Inter-level travel time spent in this place.
 D = Time resting spent in this place.
 E = Time spent auto-exploring this place.
 F = Levels seen in this place.
 G = Mean time per level.
                   A        B        C        D        E       F      G
               +--------+--------+--------+--------+--------+-----+--------+
         Total |  66525 |  59314 |   7211 |   5182 |  37319 |  69 |  964.1 |
       Dungeon |  19113 |  16190 |   2923 |   1443 |  11484 |  15 | 1274.2 |
          Lair |   9537 |   8895 |    642 |   1430 |   5935 |   5 | 1907.4 |
         Swamp |   2585 |   2416 |    169 |     29 |   1756 |   4 |  646.2 |
   Spider Nest |   3233 |   3062 |    171 |    343 |   1777 |   4 |  808.2 |
    Slime Pits |    528 |    477 |     51 |     60 |      0 |   5 |  105.6 |
  Orcish Mines |   2751 |   1856 |    895 |     54 |   1271 |   2 | 1375.5 |
   Elven Halls |   3696 |   3224 |    472 |    297 |   2024 |   3 | 1232.0 |
        Vaults |   6949 |   6068 |    881 |    273 |   4050 |   5 | 1389.8 |
         Crypt |   2929 |   2796 |    133 |     25 |   1905 |   3 |  976.3 |
        Depths |   5337 |   4681 |    656 |    319 |   2978 |   4 | 1334.2 |
           Zot |   5987 |   5771 |    216 |    659 |   3339 |   5 | 1197.4 |
         Abyss |   1785 |   1785 |      0 |      3 |      0 |   3 |  595.0 |
      Ziggurat |    522 |    522 |      0 |     16 |    291 |   8 |   65.2 |
         Trove |     29 |     29 |      0 |      0 |     14 |   1 |   29.0 |
        Wizlab |    734 |    734 |      0 |    188 |    139 |   1 |  734.0 |
      Gauntlet |    805 |    805 |      0 |     38 |    352 |   1 |  805.0 |
               +--------+--------+--------+--------+--------+-----+--------+

Top non-repeatable levels by time:
  Lair:5: 2892 daAuts
    D:11: 2367 daAuts
   Orc:2: 2123 daAuts
   Zot:5: 1936 daAuts
     D:6: 1902 daAuts
    D:10: 1703 daAuts
  Lair:3: 1700 daAuts
  Lair:2: 1677 daAuts
    D:13: 1638 daAuts
  Lair:4: 1636 daAuts
  Lair:1: 1630 daAuts
Vaults:4: 1566 daAuts
Vaults:3: 1546 daAuts
   Zot:2: 1529 daAuts
Depths:2: 1491 daAuts
